 Dungeon Crawl Stone Soup version 0.30-a0-50-gb2d611f6b1 (webtiles) character file.

Game seed: 1098978748991911315

35 Destapler the Cudgeller (level 3, -9/36 HPs)
             Began as a Troll Berserker on Sept 3, 2022.
             Was a Follower of Trog.
             Engulfed by a cloud of flame (15 damage)
             ... on level 1 of the Dungeon.
             The game lasted 00:01:48 (637 turns).

Destapler the Cudgeller (Troll Berserker)            Turns: 637, Time: 00:01:49

Health: -9/36      AC:  4    Str: 27    XL:     3   Next: 16%
Magic:  2/2        EV: 10    Int:  3    God:    Trog [*.....]
Gold:   41         SH:  0    Dex:  9    Spells: 2/2 levels left

rFire   . . .      SeeInvis .    a - +0 mace
rCold   . . .      Faith    .    (no shield)
rNeg    . . .      Spirit   .    b - +0 animal skin
rPois   .          Reflect  .    (helmet restricted)
rElec   .          Harm     .    (no cloak)
rCorr   .          Rampage  .    (gloves unavailable)
Will    .....                    (boots unavailable)
Stlth   +.........               (no amulet)
HPRegen 0.92/turn                (no ring)
MPRegen 0.08/turn                (no ring)

@: no status effects
A: large, unfitting armour, claws 3, regeneration 1, shaggy fur 1, tough skin 1
a: Renounce Religion, Berserk


You were on level 1 of the Dungeon.
You worshipped Trog.
Trog was aware of your devotion.
You visited 1 branch of the dungeon, and saw 1 of its levels.

You collected 41 gold pieces.

Inventory:

Hand Weapons
 a - a +0 mace (weapon)
Missiles
 c - 3 boomerangs (quivered)
Armour
 b - a +0 animal skin (worn)
Scrolls
 j - a scroll of enchant weapon {unknown}
 k - 4 scrolls of identify {unknown}
 l - a scroll of noise {unknown}
Potions
 d - a potion of heal wounds {unknown}
 e - 2 potions of mutation {unknown}
 f - 2 potions of degeneration {unknown}
 g - a potion of resistance {unknown}
 h - a potion of haste {unknown}
 i - a potion of brilliance {unknown}
 m - a potion of curing {unknown}


   Skills:
 - Level 2.4 Fighting
 + Level 3.9 Maces & Flails
 - Level 2.4 Dodging


You had 2 spell levels left.
You didn't know any spells.
Your spell library was empty.

Dungeon Overview and Level Annotations

Branches:
Dungeon (1/15)

Altars:


Innate Abilities, Weirdness & Mutations

You are too large for most types of armour.
You have claws for hands.
Your natural rate of healing is unusually fast.
You are covered in fur. (AC +1)
You have tough skin. (AC +1)


Message History

You thump the rat!
You kill the rat!
Trog accepts your kill.
You barely miss the rat. The rat barely misses you.
You closely miss the rat. The rat bites you.
The rat bites you but does no damage.
You closely miss the rat. The rat bites you but does no damage.
You hit the rat.
You kill the rat!
Trog accepts your kill.
No target in view!
No target in view!
m - a grey potion A rat comes into view.
A rat is nearby!
A rat is nearby!
No reachable target in view!
Found 18 gold pieces.
Really walk into a travel-excluded area?
The rat closely misses you.
You closely miss the rat.
The rat is engulfed in blazing flames.
The rat dies!
You are engulfed in blazing flames.
Ouch! That really hurt!
* * * LOW HITPOINT WARNING * * *
You start resting.
HP restored.
You start waiting.
Done waiting.
Really walk into that cloud of flame?
You are engulfed in blazing flames.
You start resting.
HP restored.
Really walk into a travel-excluded area?
You are engulfed in blazing flames.
You are engulfed in blazing flames.
Ouch! That really hurt!
* * * LOW HITPOINT WARNING * * *
You are engulfed in blazing flames.
You die...

#.#### # #........ #....#
#.§§# #......#. ####.# #.§.#
###.##.##.
####.######...#####......##.
#....#...§..$..§§.....##.###
###..)..☼§.....§§.....##+###
#....§.§..$..§§☼..........
#...#####...#####.........
#...# #@☼§# #......... #...#
#§§§# #......... ##### #§.§#
#......... #...# #......)..
#..## #.........
#..######.........
##................
#######..........
##.########


There were no monsters in sight!

Vanquished Creatures
  A gnoll (D:1)
  2 ball pythons (D:1)
  3 endoplasms (D:1)
  3 giant cockroaches (D:1)
  4 goblins (D:1)
  2 hobgoblins (D:1)
  A kobold (D:1)
  A quokka (D:1)
  3 frilled lizards (D:1)
  2 rats (D:1)
22 creatures vanquished.

Vanquished Creatures (others)
  An endoplasm (D:1)
  A rat (D:1)
2 creatures vanquished.

Grand Total: 24 creatures vanquished

Notes
Turn   | Place    | Note
-------+----------+-------------------------------------------
     0 | D:1      | Destapler the Troll Berserker began the quest for the Orb.
     0 | D:1      | Reached XP level 1. HP: 22/22 MP: 0/0
    60 | D:1      | Reached skill level 3 in Maces & Flails
   111 | D:1      | Reached XP level 2. HP: 25/29 MP: 1/1
   279 | D:1      | Reached XP level 3. HP: 33/36 MP: 2/2
   637 | D:1      | Engulfed by a cloud of flame

Illustrated notes

Levels and vault maps discovered:
D:1:      elethiomel_arrival_shortcut, layout_basic, lemuel_flame_loot_1

Skill      XL: |  1 |
---------------+----+-----
Maces & Flails | 3 |  3.9
Fighting       | |  2.4
Dodging        | |  2.4

Action                   || total
-------------------------++-------
Melee: Mace              ||    82
Invok: Berserk           ||     1
Armor: Animal skin       ||    30
Dodge: Dodged            ||    44

Table legend: (Time is in decaauts)
 A = Elapsed time spent in this place.
 B = Non-inter-level travel time spent in this place.
 C = Inter-level travel time spent in this place.
 D = Time resting spent in this place.
 E = Time spent auto-exploring this place.
 F = Levels seen in this place.
 G = Mean time per level.
                   A        B        C        D        E       F      G
               +--------+--------+--------+--------+--------+-----+--------+
         Total |    664 |    664 |      0 |    137 |    328 |   1 |  664.0 |
       Dungeon |    664 |    664 |      0 |    137 |    328 |   1 |  664.0 |
               +--------+--------+--------+--------+--------+-----+--------+

Top non-repeatable levels by time:
     D:1: 664 daAuts
